 Dungeon Crawl Stone Soup version 0.19.5 (webtiles) character file.

130 Kullinuha the Sneak (level 4, 0/34 HPs)
             Began as a Vampire Assassin on Apr 29, 2017.
             Slain by Purgy (3 damage)
             ... on level 3 of the Dungeon on May 2, 2017.
             The game lasted 00:33:26 (3885 turns).

Kullinuha the Sneak (Vampire Assassin)              Turns: 3885, Time: 00:33:27

Health: 0/34       AC:  3    Str: 10    XL:     4   Next: 90%
Magic:  4/4        EV: 13    Int: 13    God:
Gold:   109        SH:  0    Dex: 16    Spells: 0 memorised, 3 levels left

rFire  . . .     SeeInvis +     a - +2 dagger
rCold  . . .     Gourm    .     c - +0 robe
rNeg   + . .     Faith    .     (no shield)
rPois  .         Spirit   .     (no helmet)
rElec  .         Reflect  .     d - +0 cloak
rCorr  .         Harm     .     (no gloves)
MR     +....                    (no boots)
Stlth  ++++......               (no amulet)
                                (no ring)
                                k - ring of protection from magic

@: no status effects
A: fangs 3, see invisible, unbreathing
a: Bat Form


You were on level 3 of the Dungeon.
You were not thirsty.

You visited 1 branch of the dungeon, and saw 3 of its levels.

You collected 109 gold pieces.

Inventory:

Hand Weapons
 a - a +2 dagger (weapon)
 b - a +0 blowgun
 j - a +0 short sword
 r - a +0 scimitar
Missiles
 e - 8 poisoned needles
 f - 2 curare-tipped needles
 l - 65 stones (quivered)
Armour
 c - a +0 robe (worn)
 d - a +0 cloak (worn)
Jewellery
 k - a ring of protection from magic (left hand)
Potions
 g - a potion of berserk rage {unknown}
 h - a potion of heal wounds
 i - 2 potions of brilliance {unknown}
 n - a potion of flight
 q - 3 potions of haste


   Skills:
 * Level 2.4 Fighting
 * Level 3.3 Short Blades
 - Level 1.5 Throwing
 * Level 2.6 Dodging
 + Level 7.3 Stealth


You had 3 spell levels left.
You didn't know any spells.

Dungeon Overview and Level Annotations

Branches:
Dungeon (3/15)

Altars:
Cheibriados
Fedhas
Xom

Annotations:
D:3 Purgy; letownia's ghost, weakling FoHu


Innate Abilities, Weirdness & Mutations

You have razor-sharp teeth.
You have supernaturally acute eyesight. (SInv)
You can survive without breathing.


Message History

You hit Purgy.
Purgy is severely wounded.
You hit Purgy.
Purgy is almost dead.
Purgy barely misses you. Purgy misses you. Purgy claws you but does no damage.
You hit Purgy.
Purgy is almost dead.
Purgy bites you.
* * * LOW HITPOINT WARNING * * *
Purgy closely misses you. Purgy claws you.
* * * LOW HITPOINT WARNING * * *
You hit Purgy.
Purgy is almost dead.
Purgy barely misses you. x2; Purgy claws you.
* * * LOW HITPOINT WARNING * * *
You barely miss Purgy.
Purgy is almost dead.
Purgy snarls, "My home!
Leave!"
Purgy closely misses you. Purgy claws you but does no damage. Purgy claws you.
You die...

##########
#..<...).#
########.#
#........#
#######.##.#
#.......##.#
#..####.##.#
.T.(. #.##@#
....(..
#.##T#
##(....
#....#
#.....
#.##(#
#.#..#
#.##.##
#...#
..##(.#
.#.#...###.#
#.##.#.# #.#
..##.#.# #.#


You could see Purgy.

Vanquished Creatures
  Ijyb (D:2)
  5 adders
  An ooze (D:2)
  A dart slug (D:1)
  A leopard gecko (D:1)
  7 bats
  3 giant cockroaches
  6 goblins
  12 hobgoblins
  2 ball pythons (D:2)
  A frilled lizard (D:3)
  6 kobolds
  5 rats
51 creatures vanquished.

Notes
Turn   | Place    | Note
-------+----------+-------------------------------------------
     0 | D:1      | Kullinuha the Vampire Assassin began the quest for the Orb.
     0 | D:1      | Reached XP level 1. HP: 16/16 MP: 1/1
   130 | D:1      | Reached skill level 6 in Stealth
   363 | D:1      | Reached XP level 2. HP: 22/22 MP: 2/2
  1178 | D:2      | Found a blossoming altar of Fedhas.
  1184 | D:2      | Found a snail-covered altar of Cheibriados.
  1269 | D:2      | Reached XP level 3. HP: 15/27 MP: 3/3
  1694 | D:2      | Reached skill level 7 in Stealth
  1824 | D:2      | Noticed Ijyb
  1969 | D:2      | Killed Ijyb
  1969 | D:2      | Reached XP level 4. HP: 28/33 MP: 4/4
  2521 | D:3      | Noticed letownia's ghost (weakling FoHu)
  2524 | D:3      | Noticed Purgy
  3347 | D:2      | Found a shimmering altar of Xom.
  3494 | D:3      | Noticed an ogre
  3885 | D:3      | Slain by Purgy

Skill      XL: |  1  2  3  4 |
---------------+-------------+-----
Fighting       | 2 |  2.4
Stealth        | 6 7 |  7.3
Dodging        | 2 |  2.6
Short Blades   | 3 |  3.3
Throwing       | |  1.5

Action                   |  1- 3 |  4- 6 || total
-------------------------+-------+-------++-------
Melee: Dagger            |    94 |    97 ||   191
       Bite              |     8 |    11 ||    19
Throw: Javelin           |    24 |     6 ||    30
       Stone             |     9 |     8 ||    17
       Tomahawk          |       |     4 ||     4
  Use: Scroll            |     4 |     3 ||     7
       Potion            |     3 |       ||     3
 Stab: Sleeping          |     4 |     3 ||     7
  Eat: Corpse            |     6 |     5 ||    11
Armor: Robe              |    10 |    18 ||    28
Dodge: Dodged            |    47 |    65 ||   112
